 Dungeon Crawl Stone Soup version 0.17-a0-2220-g6fea741 (webtiles) character file.

53 glosham the Caller (level 3, -2/30 HPs)
             Began as a Demigod Summoner on Oct 28, 2015.
             Killed from afar by Ijyb (10 damage)
             ... with a wand of magic darts
             ... on level 2 of the Dungeon.
             The game lasted 00:14:58 (998 turns).

glosham the Caller (Demigod Summoner)                Turns: 998, Time: 00:14:59

Health: -2/30      AC: 10    Str: 11    XL:     3   Next: 41%
Magic:  8/8        EV:  2    Int: 21    God:
Gold:   37         SH:  0    Dex: 16    Spells: 1 memorised, 4 levels left

rFire  . . .     SeeInvis .     a - +0 hand axe
rCold  . . .     Clarity  .     o - +0 plate armour
rNeg   . . .     SustAt   +     (no shield)
rPois  .         Gourm    .     (no helmet)
rElec  .         Spirit   .     (no cloak)
rCorr  .         Warding  .     (no gloves)
rMut   .         Stasis   .     (no boots)
MR     .....                    (no amulet)
Stlth  ..........               (no ring)
                                (no ring)

@: not resistant to hostile enchantments, extremely unstealthy
A: high mp 1, sustain attributes
a: no special abilities


You were on level 2 of the Dungeon.
You were hungry.

You visited 1 branch of the dungeon, and saw 2 of its levels.

You collected 37 gold pieces.

Inventory:

Hand Weapons
 a - a +0 hand axe (weapon)
 b - a +0 dagger
 e - a +0 short sword
Missiles
 g - 8 poisoned needles
 i - 30 stones (quivered)
 q - 17 arrows
Armour
 j - a +0 robe
 o - a +0 plate armour (worn)
 p - a +0 scale mail
Scrolls
 d - 2 scrolls of remove curse
Potions
 l - a potion of flight {unknown}
 r - a potion of heal wounds {unknown}
 s - 2 potions of ambrosia
Books
 n - a book of Callings

   Spells                             Type                      Level
   a - Summon Small Mammal            Summoning                    1
   b - Call Imp                       Summoning                    2
   c - Call Canine Familiar           Summoning                    3
   d - Summon Guardian Golem          Hexes/Summoning              3
   e - Summon Lightning Spire         Summoning/Air                4
   f - Summon Ice Beast               Ice/Summoning                4
Comestibles
 c - 2 bread rations


   Skills:
 - Level 2.9 Fighting
 * Level 0.5 Axes
 - Level 1.7 Dodging
 - Level 1.7 Stealth
 - Level 1.7 Spellcasting
 - Level 3.6 Summonings


You had 4 spell levels left.
You knew the following spells:

 Your Spells              Type           Power        Failure   Level  Hunger
m - Summon Small Mammal   Summ           ###.         100%        1    #......


Dungeon Overview and Level Annotations

Branches:
Dungeon (2/15)

Annotations:
D:2 Ijyb


Innate Abilities, Weirdness & Mutations

You have an increased reservoir of magic (+10% MP).
Your attributes are resistant to harm.


Message History

Ijyb hits you but does no damage.
You hit Ijyb.
Ijyb is lightly wounded.
Ijyb zaps a wand.
The magic dart hits you!
Ijyb zaps a wand.
The magic dart hits you! The goblin hits you with a club.
Ijyb barely misses you.
There is a stone staircase leading up here.
You see here a stone.
Your plate armour prevents you from hitting Ijyb.
Ijyb is lightly wounded.
Your plate armour prevents you from hitting the goblin.
The goblin hits you but does no damage.
Ijyb zaps a wand.
The magic dart hits you!
Your plate armour prevents you from hitting Ijyb.
Ijyb is lightly wounded.
You closely miss the goblin. The goblin hits you but does no damage.
Ijyb hits you but does no damage.
You closely miss Ijyb.
Ijyb is lightly wounded.
You closely miss the goblin. The goblin hits you but does no damage.
Ijyb hits you with a club. The goblin hits you but does no damage.
You hit Ijyb but do no damage.
Ijyb is lightly wounded.
You hit the goblin.
The goblin is severely wounded.
Ijyb zaps a wand.
The magic dart hits you! The goblin hits you but does no damage.
You closely miss Ijyb.
Ijyb is lightly wounded.
You hit the goblin.
You kill the goblin!
Ijyb zaps a wand.
The magic dart hits you!
Ijyb zaps a wand.
The magic dart hits you!
Your plate armour prevents you from hitting Ijyb.
Ijyb is lightly wounded.
Ijyb zaps a wand.
The magic dart hits you!
You closely miss Ijyb.
Ijyb is lightly wounded.
Ijyb zaps a wand.
The magic dart hits you!
You die...

..........# ..
........# ..
......#####
..######.........
#.......†<...#
#.######...##.#
#. #.......#
#.###.##..#.#
#%..@g##.#...#
#.###)##....## #.
#......... #.
#...###.##" #.
....# $# ## .....
# ....## ...#


You could see Ijyb.

Vanquished Creatures
  4 oozes (D:1)
  6 giant cockroaches (D:1)
  6 goblins
  A hobgoblin (D:1)
  5 jackals (D:1)
  2 bats
  2 kobolds (D:1)
  6 rats (D:1)
32 creatures vanquished.

Vanquished Creatures (collateral kills)
  A hobgoblin (D:1)
  2 kobolds (D:1)
3 creatures vanquished.

Grand Total: 35 creatures vanquished

Notes
Turn   | Place    | Note
--------------------------------------------------------------
     0 | D:1      | glosham the Demigod Summoner began the quest for the Orb.
     0 | D:1      | Reached XP level 1. HP: 14/14 MP: 5/5
     2 | D:1      | Found a runed door.
   220 | D:1      | Reached skill level 1 in Fighting
   615 | D:1      | Reached XP level 2. HP: 23/23 MP: 7/7
   665 | D:1      | Reached skill level 2 in Fighting
   707 | D:1      | Reached XP level 3. HP: 7/30 MP: 8/8
   786 | D:2      | Noticed Ijyb
   998 | D:2      | Killed from afar by Ijyb

Vault maps used:
D:1:      dpeg_arrival_caged_fury, hex_medium
D:2:      minitemple, nemelex_lonely_heart_becter, uniq_iyjb

Action                   || total
-------------------------++-------
Melee: Unarmed           ||    26
       Dagger            ||    16
       Short sword       ||   104
       Hand axe          ||    17
 Cast: Summon Small Mamm ||     3
  Use: Scroll            ||     4
 Stab: Sleeping          ||     2

Table legend:
 A = Turns spent in this place as a percentage of turns spent in the entire game.
 B = Non-inter-level travel turns spent in this place as a percentage of non-inter-level travel turns spent in the entire game.
 C = Inter-level travel turns spent in this place as a percentage of turns spent in this place.
 D = Turns resting spent in this place as a percentage of non-inter-level travel turns spent in this place.
 E = Turns spent auto-exploring this place as a percentage of non-inter-level travel turns spent in this place.
 F = Non-inter-level travel turns spent in this place divided by the number of levels of this place that you've seen.
                   A       B       C       D       E      F
               +-------+-------+-------+-------+-------+----------------------
         Total | 100.0 | 100.0 |   0.5 |   1.2 |   0.3 | 326.0
       Dungeon | 100.0 | 100.0 |   0.5 |   1.2 |   0.3 | 326.0
               +-------+-------+-------+-------+-------+----------------------

Table legend:
 A = Kills in this place as a percentage of kills in entire the game.
 B = Kills by you in this place as a percentage of kills by you in the entire game.
 C = Kills by friends in this place as a percentage of kills by friends in the entire game.
 D = Other kills in this place as a percentage of other kills in the entire game.
 E = Experience gained in this place as a percentage of experience gained in the entire game.
 F = Experience gained in this place divided by the number of levels of this place that you have seen.
                   A       B       C       D       E      F
               +-------+-------+-------+-------+-------+----------------------
         Total | 100.0 | 100.0 | 100.0 |  -nan | 100.0 |  38.0
       Dungeon | 100.0 | 100.0 | 100.0 |  -nan | 100.0 |  38.0
               +-------+-------+-------+-------+-------+----------------------

Vault maps used:
D:1:      dpeg_arrival_caged_fury, hex_medium
D:2:      minitemple, nemelex_lonely_heart_becter, uniq_iyjb
